 Dungeon Crawl Stone Soup version 0.20-a0-945-g3bf614a (webtiles) character file.

71 nikopol the Skirmisher (level 4, 0/28 HPs)
             Began as a Gargoyle Berserker on Apr 1, 2017.
             Was a Believer of Trog.
             Slain by a gnoll
             ... wielding a +0 whip
              (5 damage)
             ... on level 2 of the Dungeon.
             The game lasted 00:02:28 (1499 turns).

nikopol the Skirmisher (Gargoyle Berserker)         Turns: 1499, Time: 00:02:29

Health: 0/28       AC:  9    Str: 21    XL:     4   Next: 24%
Magic:  4/4        EV: 11    Int:  7    God:    Trog [**....]
Gold:   82         SH:  0    Dex: 10    Spells: 3/3 levels left

rFire    . . .     SeeInvis .   a - +0 hand axe
rCold    . . .     Gourm    .   (no shield)
rNeg     + . .     Faith    .   n - +0 ring mail
rPois    ∞         Spirit   .   (no helmet)
rElec    +         Reflect  .   (no cloak)
rCorr    .         Harm     .   (no gloves)
MR       .....                  (no boots)
Stlth    ..........             (no amulet)
Regen    0.1/turn               (no ring)
MPRegen  0.1/turn               (no ring)

@: no status effects
A: negative energy resistance 1, electricity resistance, unbreathing,
petrification resistance, rot immunity, AC +3
a: Berserk, Trog's Hand, Burn Spellbooks, Renounce Religion


You were on level 2 of the Dungeon.
You worshipped Trog.
Trog was pleased with you.
You were not hungry.

You visited 1 branch of the dungeon, and saw 2 of its levels.

You collected 82 gold pieces.

Inventory:

Hand Weapons
 a - a +0 hand axe (weapon)
Missiles
 l - 22 arrows (quivered)
Armour
 b - a +0 animal skin
 n - a +0 ring mail (worn)
 q - a cursed +0 scale mail
Scrolls
 f - 2 scrolls of enchant armour {unknown}
 i - 2 scrolls of noise {unknown}
 j - 3 scrolls of identify {unknown}
 k - a scroll of enchant weapon {unknown}
 p - a scroll of teleportation {unknown}
Potions
 e - a potion of brilliance {unknown}
 h - a potion of flight {unknown}
 m - a potion of haste {unknown}
Comestibles
 c - 2 bread rations
 d - a meat ration
 g - a royal jelly
 o - 5 chunks of flesh


   Skills:
 + Level 3.6 Fighting
 + Level 3.0 Axes
 + Level 3.4 Armour
 + Level 2.3 Dodging


You had 3 spell levels left.
You didn't know any spells.

Dungeon Overview and Level Annotations

Branches:
Dungeon (2/15)

Altars:


Innate Abilities, Weirdness & Mutations

You are resistant to torment.
Your stone body is resilient. (AC +3)
You are immune to poison.
You resist negative energy. (rN+)
You are resistant to electric shocks. (rElec)
You can survive without breathing.
You are immune to petrification.
You are immune to rotting.


Message History

A gnoll comes into view. It is wielding a whip.
You slash the gnoll!
The gnoll is almost dead.
You hit the gnoll.
You kill the gnoll!
Trog accepts your kill.
You hit the gnoll.
The gnoll is moderately wounded.
The gnoll hits you with a whip.
You hit the gnoll.
The gnoll is severely wounded.
The gnoll hits you with a whip! x2
* * * LOW HITPOINT WARNING * * *
You are too injured to fight recklessly!
You are too injured to fight recklessly!
You are too injured to fight recklessly!
You barely miss the gnoll.
The gnoll is severely wounded.
The gnoll hits you with a whip.
You die...

#.........#
###..<......#
...........#
###.........##
.............
......... ..
........# .#
........##.###.#.
...(....@g.......
####.###.#.###.##
#.##..#.#
#....##.# #
###..### .# .##
#...## ..
..########.#.# #.
#.)......(.#.# .
#####(..####.#


You could see a gnoll.

Vanquished Creatures
  A gnoll (D:2)
  An adder (D:2)
  2 dart slugs (D:1)
  4 giant cockroaches
  2 goblins (D:1)
  4 hobgoblins (D:1)
  5 jackals
  6 kobolds
  2 quokkas (D:2)
  3 ball pythons (D:1)
  7 bats
  3 frilled lizards
  5 rats
45 creatures vanquished.

Notes
Turn   | Place    | Note
-------+----------+-------------------------------------------
     0 | D:1      | nikopol the Gargoyle Berserker began the quest for the Orb.
     0 | D:1      | Reached XP level 1. HP: 14/14 MP: 1/1
   298 | D:1      | Reached XP level 2. HP: 18/19 MP: 2/2
   549 | D:1      | Reached XP level 3. HP: 22/23 MP: 3/3
   560 | D:1      | Reached ** piety under Trog
  1447 | D:2      | Reached XP level 4. HP: 28/28 MP: 4/4
  1499 | D:2      | Slain by a gnoll

Vault maps used:
D:1:      saegor_arrival_simple_c, minmay_shallow_snake_nest
D:2:      first_bread, minmay_misc_feat_roman, kennysheep_generic_room_14

Skill      XL: |  1  2  3 |
---------------+----------+-----
Dodging        | 2 |  2.3
Axes           | 3 |  3.0
Armour         | 3 |  3.4
Fighting       | |  3.6

Action                   |  1- 3 |  4- 6 || total
-------------------------+-------+-------++-------
Melee: Hand axe          |   154 |    15 ||   169
Invok: Berserk           |     1 |       ||     1
  Eat: Chunk             |     3 |       ||     3
Armor: Animal skin       |    35 |       ||    35
       Ring mail         |    30 |     4 ||    34
Dodge: Dodged            |   137 |     7 ||   144
